 Dungeon Crawl Stone Soup version 0.30-a0-169-g06f667207d (webtiles) character file.

Game seed: 3624737298904434240

133 qw the Chopper (level 5, -2/32 HPs)
             Began as a Gargoyle Fighter on Sept 29, 2022.
             Slain by Sigmund
             ... wielding a +0 scythe
              (5 damage)
             ... on level 3 of the Dungeon.
             The game lasted 00:01:01 (2283 turns).

qw the Chopper (Gargoyle Fighter)                   Turns: 2283, Time: 00:01:02

Health: -2/32      AC: 10    Str: 21    XL:     5   Next: 16%
Magic:  0/5        EV:  9    Int:  9    God:
Gold:   154        SH:  4    Dex:  9    Spells: 4/4 levels left

rFire   . . .      SeeInvis .    Y - +0 war axe
rCold   + + .      Faith    .    c - +0 buckler
rNeg    + . .      Spirit   +    b - +0 scale mail
rPois   inf        Reflect  .    (no helmet)
rElec   +          Harm     .    (no cloak)
rCorr   .          Rampage  .    (no gloves)
Will    .....                    (no boots)
Stlth   ..........               e - amulet of guardian spirit
HPRegen 0.10/turn                f - ring of protection from cold
MPRegen 0.09/turn                a - ring of protection from cold

@: no status effects
A: sickness immunity, AC +4, negative energy resistance 1, electricity
resistance, torment resistance 1, petrification resistance
a: no special abilities


You were on level 3 of the Dungeon.
You visited 1 branch of the dungeon, and saw 3 of its levels.

You collected 154 gold pieces.


Innate Abilities, Weirdness & Mutations

You are immune to sickness and miasma.
Your stone body is resilient. (AC +4)
You are immune to poison.
You resist negative energy. (rN+)
You are resistant to electric shocks. (rElec)
You are resistant to unholy torment.
You are immune to petrification.


   Skills:
 - Level 3.2 Fighting
 + Level 4.7 Axes
 - Level 3.2 Armour
 - Level 3.2 Shields


You had 4 spell levels left.
You didn't know any spells.
Your spell library was empty.

Inventory:

Hand Weapons
 j - a +0 flail
 Y - a +0 war axe (weapon)
Armour
 b - a +0 scale mail (worn)
 c - a +0 buckler (worn)
Jewellery
 a - a ring of protection from cold (right hand)
 e - an amulet of guardian spirit (around neck)
 f - a ring of protection from cold (left hand)
Potions
 d - a potion of might
 g - a potion of curing {unknown}
 h - a potion of brilliance {unknown}
 i - a potion of flight {unknown}
 k - a potion of resistance {unknown}

Dungeon Overview and Level Annotations

Branches:
Dungeon (3/15)

Altars:

Annotations:
D:3 Sigmund


Message History

Sigmund is suddenly surrounded by pale red light.
2268 ||| Stepping ~*~*~tactically~*~*~ (hiding).
You start waiting.
Sigmund is nearby!
A ball python and a giant cockroach come into view.
The ball python hisses angrily.
Sigmund mumbles some strange words.
Sigmund flickers and vanishes!
Deactivating autopickup; reactivate with Ctrl-A.
Something hits you but does no damage.
You barely miss the giant cockroach. You miss something.
The giant cockroach misses you. Something hits you!
You block the giant cockroach's attack.
You closely miss the giant cockroach. You closely miss something.
The giant cockroach bites you. Something hits you but does no damage.
The giant cockroach bites you.
You slash the giant cockroach!
You kill the giant cockroach!
You barely miss something. Something hits you but does no damage.
The ball python bites you but does no damage.
The ball python misses you.
You slash the ball python!
You kill the ball python!
You closely miss something. Something hits you but does no damage.
You barely miss something.
You hear some strange, mumbled words.
A puff of flame appears from out of thin air!
The puff of flame hits you.
You barely miss something. Something hits you!
You miss something. You hit something. Something hits you.
You slash something! Something hits you.
You miss something. Something hits you!
You die...

## #. #. #. # #.
...########.# #.
..........#.#####
#. #...{...... #.
#.#@#.#### #.
#.#.# #> #.#.# ##
#. #.#.# .. #.
#.#.# ###
###.####. #.#..
... ....<....
#.#.#
###.#####.###.
#######'###
#.............
.........#
#.#.#..##.###.


There were no monsters in sight!

Vanquished Creatures
  5 adders
  A gnoll (D:2)
  3 dart slugs
  2 endoplasms
  5 giant cockroaches
  8 goblins
  4 hobgoblins
  6 jackals
  2 quokkas (D:1)
  10 ball pythons
  6 bats
  7 frilled lizards
  8 kobolds
  4 rats
71 creatures vanquished.

Notes
Turn   | Place    | Note
-------+----------+-------------------------------------------
     0 | D:1      | qw the Gargoyle Fighter began the quest for the Orb.
     0 | D:1      | Reached XP level 1. HP: 14/14 MP: 1/1
     0 | D:1      | 0 ||| qw: Version: 0.2-a-12-gaebbb33
     0 | D:1      | 0 ||| qw: Game counter: 1266
     0 | D:1      | 0 ||| qw: Always use a shield: true
     0 | D:1      | 0 ||| qw: God list: Okawaru
     0 | D:1      | 0 ||| qw: Allow faded altars: false
     0 | D:1      | 0 ||| qw: Do Orc after D:15 true
     0 | D:1      | 0 ||| qw: Do second Lair branch before Depths: true
     0 | D:1      | 0 ||| qw: Lair rune preference: random
     0 | D:1      | 0 ||| qw: Plans: Normal, Zot:1-4, God:TSO, Crypt, Tomb,
                  | Pan, Slime:5, Hells, Abyss, Orb
     0 | D:1      | 0 ||| PLANNING D:1-11
    50 | D:1      | 50 ||| Stepping ~*~*~tactically~*~*~ (stealth).
    52 | D:1      | 52 ||| Stepping ~*~*~tactically~*~*~ (stealth).
    54 | D:1      | 54 ||| Stepping ~*~*~tactically~*~*~ (stealth).
    59 | D:1      | Reached skill level 2 in Axes
   117 | D:1      | 117 ||| Stepping ~*~*~tactically~*~*~ (stealth).
   126 | D:1      | Reached XP level 2. HP: 18/19 MP: 2/2
   487 | D:1      | 487 ||| Stepping ~*~*~tactically~*~*~ (stealth).
   493 | D:1      | 493 ||| Stepping ~*~*~tactically~*~*~ (stealth).
   494 | D:1      | 494 ||| Stepping ~*~*~tactically~*~*~ (stealth).
   502 | D:1      | 502 ||| Stepping ~*~*~tactically~*~*~ (stealth).
   504 | D:1      | 504 ||| Stepping ~*~*~tactically~*~*~ (stealth).
   548 | D:1      | Reached skill level 3 in Axes
   550 | D:1      | 550 ||| Stepping ~*~*~tactically~*~*~ (stealth).
   561 | D:1      | Reached XP level 3. HP: 16/23 MP: 3/3
   660 | D:1      | 660 ||| Stepping ~*~*~tactically~*~*~ (stealth).
   661 | D:1      | 661 ||| Stepping ~*~*~tactically~*~*~ (stealth).
   743 | D:1      | 743 ||| Stepping ~*~*~tactically~*~*~ (hiding).
   970 | D:1      | 970 ||| UPGRADING to ring of protection from cold.
   971 | D:1      | 971 ||| READING scroll labelled INUMMI TADI.
   972 | D:1      | 972 ||| READING scroll labelled KILOMYTHUC.
   973 | D:1      | 973 ||| READING scroll labelled GEANKAARUE.
   984 | D:2      | 984 ||| STAIRDANCE
   990 | D:2      | 990 ||| STAIRDANCE
  1002 | D:2      | 1002 ||| STAIRDANCE
  1008 | D:1      | Reached XP level 4. HP: 16/28 MP: 4/4
  1184 | D:2      | Reached skill level 4 in Axes
  1569 | D:2      | Found a faded altar of an unknown god.
  1637 | D:2      | 1637 ||| Stepping ~*~*~tactically~*~*~ (stealth).
  1654 | D:2      | Reached XP level 5. HP: 26/32 MP: 5/5
  1789 | D:2      | 1789 ||| UPGRADING to amulet of guardian spirit.
  1794 | D:2      | 1794 ||| UPGRADING to ring of protection from cold.
  2086 | D:3      | 2086 ||| Stepping ~*~*~tactically~*~*~ (stealth).
  2090 | D:3      | 2090 ||| Stepping ~*~*~tactically~*~*~ (stealth).
  2100 | D:3      | 2100 ||| Stepping ~*~*~tactically~*~*~ (stealth).
  2102 | D:3      | 2102 ||| Stepping ~*~*~tactically~*~*~ (stealth).
  2186 | D:3      | 2186 ||| DROPPING +0 whip.
  2267 | D:3      | Noticed Sigmund
  2268 | D:3      | 2268 ||| Stepping ~*~*~tactically~*~*~ (hiding).
  2281 | D:3      | HP: 8/32 [something (4)]
  2282 | D:3      | HP: 2/32 [something (6)]
  2283 | D:3      | Slain by Sigmund

Levels and vault maps discovered:
D:1:      heliophobic_arrival_henge, layout_rooms
D:2:      minmay_diamond_boxcup, layout_rooms, chequers_ecumenical_altar_simple,
          st_stairs_14
D:3:      layout_basic, overflow_temple_1_default, uniq_sigmund

Skill      XL: |  1  2  3  4 |
---------------+-------------+-----
Axes           | 2 3 4 |  4.7
Fighting       | |  3.2
Armour         | |  3.2
Shields        | |  3.2

Action                   |  1- 3 |  4- 6 || total
-------------------------+-------+-------++-------
Melee: War axe           |   115 |    90 ||   205
  Use: Scroll            |     3 |       ||     3
Armor: Scale mail        |    85 |    45 ||   130
Dodge: Dodged            |    73 |    38 ||   111
Block: Buckler           |    24 |    11 ||    35

Table legend:
 A = Non-vault XP
 B = Vault XP
 C = Vault XP percentage of total XP
 D = Non-vault monster count
 E = Vault monster count
 F = Vault count percentage of total count
                 A         B        C        D         E       F
            +---------+---------+-------+---------+---------+-------
      Total |     159 |      32 |  16.8 |      61 |      10 |  14.1
            +---------+---------+-------+---------+---------+-------
        D:1 |      88 |       1 |   1.1 |      33 |       1 |   2.9
        D:2 |      51 |      31 |  37.8 |      17 |       9 |  34.6
        D:3 |      20 |       0 |   0.0 |      11 |       0 |   0.0
            +---------+---------+-------+---------+---------+-------
